 Dungeon Crawl Stone Soup version 0.22-a0-858-g985ef60 (webtiles) character file.

3917 poirepourri the Cleaver (level 10, -5/80 HPs)
             Began as a Formicid Fighter on July 27, 2018.
             Was an Initiate of Qazlal.
             Slain by a killer bee (6 damage)
             ... on level 9 of the Dungeon.
             The game lasted 00:09:33 (7650 turns).

poirepourri the Cleaver (Formicid Fighter)          Turns: 7650, Time: 00:09:34

Health: -5/80      AC:  9    Str: 20 (21) XL:     10   Next: 43%
Magic:  10/10      EV:  7    Int:  5 (8)  God:    Qazlal [......]
Gold:   394        SH: 11    Dex: 10 (13) Spells: 9/9 levels left

rFire    + . .     SeeInvis +   a - +3 war axe
rCold    . . .     Gourm    .   c - +0 shield
rNeg     . . .     Faith    .   l - +0 chain mail {rF+}
rPois    .         Spirit   .   (helmet unavailable)
rElec    .         Reflect  .   (no cloak)
rCorr    .         Harm     .   (no gloves)
MR       +....                  (no boots)
Stlth    ..........             (no amulet)
HPRegen  0.23/turn              u - ring of flight
MPRegen  0.12/turn              (no ring)

@: lethally poisoned (-5 -> -20)
A: permanent stasis, dig shafts and tunnels, four strong arms, antennae 3
a: Dig, Shaft Self, Renounce Religion, Evoke Flight


You were on level 9 of the Dungeon.
You worshipped Qazlal.
Qazlal was noncommittal.
You were hungry.

You visited 2 branches of the dungeon, and saw 10 of its levels.
You also visited: Bailey.

You collected 394 gold pieces.

Inventory:

Hand Weapons
 a - a +3 war axe (weapon)
 b - a +0 hand crossbow
Missiles
 o - 82 bolts
 y - 12 tomahawks (quivered)
Armour
 c - a +0 shield (worn)
 l - a +0 chain mail of fire resistance (worn)
Jewellery
 t - the ring "Duzaokh" {rElec rC- MR+ Int+4, unknown}
   (You found it on level 7 of the Dungeon)

   [ring of protection from magic]

   It affects your intelligence (+4).
   It makes you vulnerable to cold.
   It insulates you from electricity.
   It affects your resistance to hostile enchantments.
 u - a ring of flight (left hand)
Wands
 s - a wand of random effects (23)
 v - a wand of scattershot (6)
 z - a wand of iceblast (5)
Scrolls
 e - a scroll of amnesia {unknown}
 i - 6 scrolls of teleportation
 k - 2 scrolls of remove curse
 n - 3 scrolls of enchant armour {unknown}
 p - a scroll of fear
 q - a scroll of random uselessness {unknown}
 r - a scroll of acquirement {unknown}
 w - 2 scrolls of identify
 x - a scroll of immolation {unknown}
Potions
 d - a potion of degeneration
 g - 2 potions of mutation
 h - 4 potions of magic
 j - 4 potions of haste
Comestibles
 f - 5 rations


   Skills:
 - Level 8.0 Fighting
 - Level 10.5 Axes
 - Level 3.2 Armour
 + Level 9.7 Shields


You had 9 spell levels left.
You didn't know any spells.
Your spell library contained the following spells:

 Spells                   Type           Power        Failure   Level  Hunger
 Summon Small Mammal      Summ           #...         99%         1    ##.....
 Summon Ice Beast         Ice/Summ       #.......     100%        4    #####..
 Call Imp                 Summ           #.......     100%        2    ###....
 Call Canine Familiar     Summ           #.......     100%        3    ####...
 Summon Lightning Spire   Summ/Air       #.......     100%        4    #####..
 Summon Guardian Golem    Hex/Summ       #.......     100%        3    ####...


Dungeon Overview and Level Annotations

Branches:
Dungeon (9/15)             Temple (1/1) D:4
   Lair: D:8-11         Orc: D:9-12

Altars:
Ashenzari
Cheibriados
Dithmenos
Elyvilon
Fedhas
Gozag
Hepliaklqana
Kikubaaqudgha
Okawaru
Qazlal
Ru
Sif Muna
Trog
Uskayaw
Vehumet
Wu Jian
Xom
Yredelemnul
Zin
The Shining One

Annotations:
D:8 3 runed doors, poirepourri's ghost, novice FoFi


Innate Abilities, Weirdness & Mutations

You cannot be hasted, slowed, berserked, paralysed or teleported.
You can dig through walls and to a lower floor.
Your four strong arms can wield two-handed weapons with a shield.
You have a pair of large antennae on your head. (SInv)


Message History

* * * LOW HITPOINT WARNING * * *
You feel sick. The killer bee closely misses you.
You slash the killer bee!
Your attack snaps the killer bee out of its fear.
The killer bee is heavily wounded.
* * * LOW HITPOINT WARNING * * *
You feel sick. The killer bee stings you.
* * * LOW HITPOINT WARNING * * *
You are more poisoned.
The killer bee poisons you!
The killer bee stings you but does no damage.
You closely miss the killer bee.
The killer bee is heavily wounded.
* * * LOW HITPOINT WARNING * * *
You feel sick. You block the killer bee's attack. x2
You closely miss the killer bee.
The killer bee is heavily wounded.
* * * LOW HITPOINT WARNING * * *
You feel sick. The killer bee stings you.
You die...

###.## .# .....{###
.# ......y:##
####.#####
#..###.........
##.†..........[ {
#####.........
#....)....
##y####### #.@...#
#####.### #...#
########'#### ###
#...........# #..
#....#.#....### #..
#....._.....'.####..
#....#.#....#....+..
+...........######..


You could see a killer bee.

Vanquished Creatures
  Psyche (D:8)
  A hippogriff (D:9)
  A hungry ghost (D:8)
  3 orc warriors
  A sky beast (D:7)
  2 black bears
  2 phantoms
  An ogre (D:7)
  4 centaurs
  A crocodile (D:7)
  A big kobold (D:7)
  Blork the orc (D:7)
  4 bullfrogs
  A gnoll sergeant (Bailey)
  2 scorpions
  3 killer bees (D:9)
  2 jellies (D:6)
  2 crimson imps
  A howler monkey (D:4)
  A quasit (D:9)
  9 hounds
  A gnoll shaman (D:5)
  4 orc priests
  10 orc wizards
  Jessica (D:2)
  Terence (D:2)
  Natasha (D:2)
  3 worker ants
  A killer bee zombie (D:8)
  A hound zombie (D:7)
  A hound skeleton (D:7)
  2 worker ant zombies
  8 gnolls
  9 adders
  A shadow imp (D:5)
  An ooze (D:1)
  An adder zombie (D:7)
  An adder skeleton (D:9)
  2 worms (D:3)
  6 leopard geckos
  41 orcs
  5 giant cockroaches
  14 goblins
  11 hobgoblins
  8 jackals
  7 kobolds
  4 quokkas
  2 ball pythons
  7 bats
  3 frilled lizards
  A jackal zombie (D:6)
  A leopard gecko skeleton (D:4)
  A quokka skeleton (D:4)
  6 rats
  A spectral orc (D:3)
211 creatures vanquished.

Vanquished Creatures (others)
  A wizard (D:3)
  A bush (D:6)
2 creatures vanquished.

Grand Total: 213 creatures vanquished

Notes
Turn   | Place    | Note
-------+----------+-------------------------------------------
     0 | D:1      | poirepourri the Formicid Fighter began the quest for the Orb.
     0 | D:1      | Reached XP level 1. HP: 18/18 MP: 1/1
    84 | D:1      | Reached XP level 2. HP: 19/24 MP: 2/2
   159 | D:1      | Reached skill level 3 in Axes
   202 | D:1      | Reached XP level 3. HP: 20/29 MP: 3/3
   673 | D:2      | Noticed Terence
   683 | D:2      | Killed Terence
   683 | D:2      | Reached skill level 4 in Axes
   683 | D:2      | Reached XP level 4. HP: 35/35 MP: 4/4
   728 | D:2      | Noticed Jessica
   733 | D:2      | Killed Jessica
   798 | D:2      | Reached XP level 5. HP: 39/41 MP: 5/5
   832 | D:2      | Noticed Natasha
   838 | D:2      | Killed Natasha
   838 | D:2      | Reached skill level 5 in Axes
   857 | D:2      | Found a radiant altar of Vehumet.
   888 | D:2      | Found a blossoming altar of Fedhas.
  1056 | D:2      | Found a sacrificial altar of Ru.
  1266 | D:3      | Found a basalt altar of Yredelemnul.
  1376 | D:3      | Found a bloodstained altar of Trog.
  1377 | D:3      | Noticed a wizard
  1383 | D:3      | Killed a wizard
  2050 | D:4      | Found a bloodstained altar of Trog.
  2163 | D:4      | Reached XP level 6. HP: 31/47 MP: 6/6
  2164 | D:4      | Reached skill level 6 in Axes
  2418 | D:4      | Found a staircase to the Ecumenical Temple.
  2503 | D:4      | Reached skill level 7 in Axes
  2503 | D:4      | Reached XP level 7. HP: 51/52 MP: 7/7
  2854 | D:4      | You fall through a shaft for 3 floors!
  2864 | D:7      | Reached skill level 8 in Axes
  2897 | D:5      | Entered Level 5 of the Dungeon
  2990 | D:5      | Reached XP level 8. HP: 58/58 MP: 8/8
  3196 | D:5      | Reached skill level 9 in Axes
  3895 | D:6      | Reached skill level 10 in Axes
  4041 | D:6      | Reached XP level 9. HP: 43/64 MP: 9/9
  4524 | D:6      | Noticed a hand axe
  4524 | D:6      | Noticed a hand axe
  4525 | D:6      | Found a hide-covered altar of Uskayaw.
  4602 | D:6      | Found an ornate altar of the Wu Jian Council.
  4788 | D:7      | Reached skill level 5 in Fighting
  4823 | D:7      | Got a steaming iron ring
  5514 | D:7      | Noticed Blork the orc
  5528 | D:7      | Killed Blork the orc
  5534 | D:7      | Found a deep blue altar of Sif Muna.
  5694 | D:8      | Noticed Psyche
  5714 | D:8      | Killed Psyche
  5714 | D:8      | Reached XP level 10. HP: 36/80 MP: 6/10
  5898 | D:8      | Found a flagged portal.
  6011 | Bailey   | Entered a bailey
  6433 | D:8      | Found a stormy altar of Qazlal.
  6433 | D:8      | Found a snail-covered altar of Cheibriados.
  6711 | D:8      | Found a runed gate.
  6712 | D:8      | Found a runed gate.
  6713 | D:8      | Found a runed gate.
  6715 | D:8      | Noticed poirepourri's ghost (novice FoFi)
  7242 | Temple   | Entered the Ecumenical Temple
  7465 | D:8      | Became a worshipper of Qazlal Stormbringer
  7550 | D:9      | Found a shattered altar of Ashenzari.
  7648 | D:9      | HP: 4/80 [killer bee (3)]
  7650 | D:9      | HP: 1/80 [poisoned by a killer bee]
  7650 | D:9      | Slain by a killer bee

Vault maps used:
D:1:      zaba_arrival_water, minmay_octomino_c4
D:2:      lemuel_doored_altar, nicolae_overflow_crystal_walls,
          nicolae_ru_path_of_blood, uniq_terence, uniq_jessica, uniq_natasha
D:3:      yredelemnul_forgotten_temple_becter, first_ration, trog_wizard
D:4:      kennysheep_mini, minmay_temple_entry_trees, minmay_misc_feat_rows
D:5:      lemuel_ice_spiral_2, hangedman_decor_peaks_small, cheibrodos_gnoll_hut
D:6:      dancing_weapons_uskayaw, kennysheep_mini_moat,
          kb_lookout_dungeons_type
D:7:      tgw_sif
D:8:      gammafunk_temple_overflow_wave, enter_bailey_3,
          gammafunk_ghost_necromancy, uniq_psyche
D:9:      nemelex_xobeh_ov_fountains_minmay, demons_altar, ashenzari_altar_1
Temple:   eino_temple_lava
Bailey:   bailey_polearm_gnolls_kennysheep, bailey

Skill      XL: |  1  2  3  4  5  6  7  8  9 10 |
---------------+-------------------------------+-----
Axes           | 3 4 5 7 8 10 | 10.5
Fighting       | 8 |  8.0
Shields        | 6 9 |  9.7
Armour         | |  3.2

Action                   |  1- 3 |  4- 6 |  7- 9 | 10-12 || total
-------------------------+-------+-------+-------+-------++-------
Melee: War axe           |    92 |   134 |   268 |   143 ||   637
 Fire: Hand crossbow     |       |       |    31 |     7 ||    38
 Abil: Evoke Flight      |       |       |     1 |       ||     1
  Use: Scroll            |     2 |     9 |     1 |     1 ||    13
       Potion            |       |     1 |     1 |     3 ||     5
  Eat: Ration            |       |     2 |     3 |     2 ||     7
Armor: Scale mail        |    56 |     7 |       |       ||    63
       Chain mail        |       |    57 |   127 |    56 ||   240
Dodge: Dodged            |    43 |    24 |    35 |    33 ||   135
Block: Shield            |    73 |    81 |   128 |    99 ||   381

Table legend:
 A = Spawn XP
 B = Non-spawn XP
 C = Spawn XP percentage of total XP
 D = Spawn monster count
 E = Non-spawn monster count
 F = Spawn count percentage of total count
 G = Total turns spent on level
                    A         B        C        D         E        F      G
               +---------+---------+-------+---------+---------+-------+---------
         Total |       0 |    5596 |   0.0 |       0 |     211 |   0.0 |  7650
               +---------+---------+-------+---------+---------+-------+---------
           D:1 |       0 |      57 |   0.0 |       0 |      30 |   0.0 |   673
           D:2 |       0 |     139 |   0.0 |       0 |      14 |   0.0 |   470
           D:3 |       0 |      29 |   0.0 |       0 |      13 |   0.0 |   895
           D:4 |       0 |     608 |   0.0 |       0 |      40 |   0.0 |   916
           D:5 |       0 |     380 |   0.0 |       0 |      15 |   0.0 |   639
           D:6 |       0 |     941 |   0.0 |       0 |      30 |   0.0 |  1245
           D:7 |       0 |    1174 |   0.0 |       0 |      23 |   0.0 |  1020
           D:8 |       0 |    1372 |   0.0 |       0 |      27 |   0.0 |  1415
           D:9 |       0 |     680 |   0.0 |       0 |      13 |   0.0 |   177
        Bailey |       0 |     216 |   0.0 |       0 |       6 |   0.0 |   103
               +---------+---------+-------+---------+---------+-------+---------
